 Dungeon Crawl Stone Soup version 0.31-a0-691-g409c26aa35 (webtiles) character file.

Game seed: 14384277694488443719

1134 qw the Skirmisher (level 8, -1/50 HPs)
             Began as a Gargoyle Hunter on Sept 6, 2023.
             Was a Follower of Okawaru.
             Killed by divine providence
             ... invoked by Jeremiah
              (13 damage)
             ... on level 6 of the Dungeon.
             The game lasted 00:02:03 (4465 turns).

qw the Skirmisher (Gargoyle Hunter)                 Turns: 4465, Time: 00:02:04

Health: -1/50      AC: 17    Str: 20    XL:     8   Next: 36%
Magic:  8/10       EV: 14    Int: 11    God:    Okawaru [*.....]
Gold:   148        SH:  0    Dex: 15    Spells: 7/7 levels left

rFire   . . .        c - +0 orcbow
rCold   . . .        (shield currently unavailable)
rNeg    + + .        j - +0 ring mail
rPois   inf          e - +1 helmet
rElec   +            (no cloak)
rCorr   .            h - +2 pair of gloves
SInv    .            (no boots)
Will    .....        (no amulet)
Stlth   +++          i - ring of positive energy
HPRegen 0.28/turn    m - +6 ring of strength
MPRegen 0.12/turn

%: no passive effects
@: heroic
A: sickness immunity, AC +5, negative energy resistance 1, electricity
resistance, torment resistance 1, petrification resistance
a: Renounce Religion, Heroism


You were on level 6 of the Dungeon.
You worshipped Okawaru.
Okawaru was aware of your devotion.
You visited 2 branches of the dungeon, and saw 7 of its levels.

You collected 148 gold pieces.


Innate Abilities, Weirdness & Mutations

You are immune to sickness and miasma.
Your stone body is resilient. (AC +5)
You are immune to poison.
You resist negative energy. (rN+)
You are resistant to electric shocks. (rElec)
You are resistant to unholy torment.
You are immune to petrification.


   Skills:
 - Level 5.5(10.5) Fighting
 + Level 8.2(13.2) Ranged Weapons
 - Level 2.3(7.3) Armour
 - Level 2.0(7.0) Dodging
 - Level 1.1(6.1) Stealth
 + Level 3.3 Invocations


You had 7 spell levels left.
You didn't know any spells.
Your spell library was empty.

Inventory:

Hand Weapons
 c - a +0 orcbow (weapon)
Armour
 e - a +1 helmet (worn)
 h - a +2 pair of gloves (worn)
 j - a +0 ring mail (worn)
Jewellery
 f - a ring of ice
 i - a ring of positive energy (left hand)
 m - a +6 ring of strength (right hand)
Scrolls
 a - 2 scrolls of identify
 d - a scroll of vulnerability {unknown}
Potions
 b - 3 potions of curing
 k - a potion of enlightenment
 l - a potion of haste
 n - a potion of might

Dungeon Overview and Level Annotations

Branches:
Dungeon (6/15)             Temple (1/1) D:5

Altars:
Ashenzari
Cheibriados
Dithmenos
Elyvilon
Fedhas
Gozag
Hepliaklqana
Kikubaaqudgha
Makhleb
Nemelex Xobeh
Okawaru
Qazlal
Ru
Sif Muna
Trog
Uskayaw
Vehumet
Wu Jian
Xom
Yredelemnul
Zin
The Shining One

Annotations:
D:6 Jeremiah


Message History

You kill the butterfly!
The butterfly disappears in a burst of colours!
4460 |||
Found retreat position at 1,0 (Jeremiah; floor) with 0 blocking monsters and 1 monsters attacking at destination at distance 1 You shoot an arrow.
The arrow closely misses Jeremiah.
The arrow hits the butterfly.
You kill the butterfly!
The butterfly disappears in a burst of colours!
Jeremiah mumbles a slurred invocation.
Something smites you!
4461 |||
Found retreat position at 1,0 (Jeremiah; floor) with 0 blocking monsters and 1 monsters attacking at destination at distance 1 You shoot an arrow.
The arrow closely misses Jeremiah.
The arrow completely misses the butterfly.
The arrow closely misses the butterfly. x2; The arrow misses the butterfly.
The butterfly disappears in a burst of colours!
Jeremiah closely misses you.
4462 |||
Found retreat position at 1,0 (Jeremiah; floor) with 0 blocking monsters and 1 monsters attacking at destination at distance 1 You shoot an arrow.
The arrow barely misses Jeremiah.
The arrow hits the butterfly!
You kill the butterfly!
The butterfly disappears in a burst of colours!
Jeremiah hits you with a +2 trident of draining.
4463 |||
Found retreat position at 1,0 (Jeremiah; floor) with 0 blocking monsters and 1 monsters attacking at destination at distance 1 You shoot an arrow.
The arrow hits Jeremiah!
Jeremiah is heavily wounded.
You feel like a meek peon again. Jeremiah hits you but does no damage.
4464 |||
Found retreat position at 1,0 (Jeremiah; floor) with 0 blocking monsters and 1 monsters attacking at destination at distance 1
4464 ||| INVOKING Heroism.
You gain the combat prowess of a mighty hero.
The butterfly disappears in a burst of colours!
Jeremiah hits you but does no damage.
4465 |||
Found retreat position at 1,0 (Jeremiah; floor) with 0 blocking monsters and 1 monsters attacking at destination at distance 1 You shoot an arrow.
The arrow closely misses Jeremiah.
The arrow barely misses the butterfly.
The arrow hits the butterfly!
You kill the butterfly!
The butterfly disappears in a burst of colours!
Jeremiah cries, "Fearful master, protect me!"
Something smites you!
You die...
Jeremiah wails, "I didn't mean to kill anyone!
I'm not a murderer!"

####.#.#.....####
#.#
#.#.#.).......
#.#
#.#.#...#.####
#.# #.#.#..(# #
#.# #.#.#...# #.#
#.#.#..... #.#
#.#.#####.# #.#
#.#
#.#########.##
#KKhb@Fbb....#
#.K###########
#.. #..


b.K #... #.K. .... You could see Jeremiah, a black bear and 3 kobolds.

Vanquished Creatures
  Grinder (D:6)
  2 ogres
  A centaur (D:6)
  2 kobold brigands
  A gnoll sergeant (D:5)
  A scorpion (D:5)
  2 hounds
  A sleepcap (D:5)
  3 iguanas
  3 orc wizards
  5 gnolls (D:5)
  5 adders
  A dart slug (D:4)
  9 orcs
  11 ball pythons
  3 bats
  6 endoplasms
  4 giant cockroaches
  8 goblins
  10 hobgoblins
  2 jackals (D:5)
  13 kobolds
  A quokka (D:3)
  4 frilled lizards
  A rat (D:3)
  A butterfly (D:5)
101 creatures vanquished.

Notes
Turn   | Place    | Note
-------+----------+-------------------------------------------
     0 | D:1      | qw the Gargoyle Hunter began the quest for the Orb.
     0 | D:1      | Reached XP level 1. HP: 12/12 MP: 1/1
     0 | D:1      | 0 ||| qw: Version: 0.3-a-76-g4403597
     0 | D:1      | 0 ||| qw: Game counter: 40
     0 | D:1      | 0 ||| qw: Melee chars always use a shield: true
     0 | D:1      | 0 ||| qw: God list: Okawaru
     0 | D:1      | 0 ||| qw: Allow faded altars: false
     0 | D:1      | 0 ||| qw: Do Orc after clearing Dungeon:15 true
     0 | D:1      | 0 ||| qw: Do second Lair branch before Depths: true
     0 | D:1      | 0 ||| qw: Lair rune preference: random
     0 | D:1      | 0 ||| qw: Goals: Normal
     0 | D:1      | 0 ||| PLANNING D:1-11
   136 | D:1      | Noticed a floating eye
   141 | D:1      | Noticed a floating eye
   143 | D:1      | Found a faded altar of an unknown god.
   145 | D:1      | Noticed an eye of devastation
   145 | D:1      | Noticed an eye of devastation
   152 | D:1      | Reached XP level 2. HP: 17/17 MP: 2/2
   748 | D:1      | 748 ||| UPGRADING to +1 helmet.
   753 | D:1      | 753 ||| UPGRADING to +2 pair of gloves.
   758 | D:1      | 758 ||| DRINKING 2 orange potions.
   759 | D:1      | 759 ||| DROPPING scroll of butterflies.
   760 | D:1      | 760 ||| DROPPING potion of attraction.
   847 | D:2      | 847 ||| Stepping ~*~*~tactically~*~*~ (retreating).
   850 | D:2      | 850 ||| Stepping ~*~*~tactically~*~*~ (retreating).
   868 | D:2      | Reached XP level 3. HP: 21/21 MP: 3/3
   884 | D:2      | Reached skill level 5 in Ranged Weapons
  1525 | D:2      | Reached skill level 3 in Fighting
  1630 | D:2      | 1630 ||| UPGRADING to +0 ring mail.
  1640 | D:2      | 1640 ||| DROPPING +0 leather armour.
  1641 | D:2      | 1641 ||| UPGRADING to ring of positive energy.
  1642 | D:2      | 1642 ||| READING 5 scrolls labelled SATIV KOLIEGEOPHI.
  1643 | D:2      | 1643 ||| DRINKING 2 fizzy dark potions.
  1644 | D:2      | 1644 ||| READING 4 scrolls of identify.
  1644 | D:2      | 1644 ||| IDENTIFYING metallic amethyst potion
  1645 | D:2      | 1645 ||| READING 3 scrolls of identify.
  1645 | D:2      | 1645 ||| IDENTIFYING inky potion
  1646 | D:2      | 1646 ||| DROPPING potion of brilliance.
  1714 | D:3      | Reached XP level 4. HP: 28/28 MP: 4/4
  1718 | D:3      | 1718 ||| STAIRDANCE
  1726 | D:2      | Reached skill level 1 in Armour
  1997 | D:3      | Reached XP level 5. HP: 32/32 MP: 5/5
  2082 | D:3      | Reached skill level 6 in Ranged Weapons
  2193 | D:3      | Found a broken altar of Ashenzari.
  2373 | D:3      | 2373 ||| READING scroll labelled JAPLOI INEIC.
  2374 | D:3      | 2374 ||| READING 2 scrolls of identify.
  2374 | D:3      | 2374 ||| IDENTIFYING sedimented purple potion
  2865 | D:4      | Identified the +1 short sword of Resumed Hostilities
                  | {freeze, rF+ rCorr Str-5}
  2979 | D:4      | 2979 ||| UPGRADING to +6 ring of strength.
  2980 | D:4      | 2980 ||| READING scroll labelled TOGUXI ULOC.
  2981 | D:4      | 2981 ||| READING 2 scrolls labelled YWKIMPEBLU.
  2984 | D:4      | 2984 ||| READING scroll labelled KURHUMEADO.
  2985 | D:4      | 2985 ||| READING 4 scrolls of identify.
  2985 | D:4      | 2985 ||| IDENTIFYING golden potion
  3005 | D:5      | Entered Level 5 of the Dungeon
  3043 | D:5      | Found a staircase to the Ecumenical Temple.
  3044 | D:5      | 3044 ||| PLANNING TEMPLE
  3052 | Temple   | Entered the Ecumenical Temple
  3053 | Temple   | 3053 ||| PLANNING OKAWARU WORSHIP
  3071 | Temple   | Became a worshipper of Warmaster Okawaru
  3072 | Temple   | 3072 ||| PLANNING D:1-11
  3221 | D:5      | Reached XP level 6. HP: 23/38 MP: 6/6
  3395 | D:5      | 3395 ||| Stepping ~*~*~tactically~*~*~ (outnumbered).
  3399 | D:5      | 3399 ||| Stepping ~*~*~tactically~*~*~ (retreating).
  3400 | D:5      | 3400 ||| Stepping ~*~*~tactically~*~*~ (retreating).
  3403 | D:5      | 3403 ||| Stepping ~*~*~tactically~*~*~ (retreating).
  3404 | D:5      | 3404 ||| Stepping ~*~*~tactically~*~*~ (retreating).
  3405 | D:5      | 3405 ||| Stepping ~*~*~tactically~*~*~ (retreating).
  3406 | D:5      | 3406 ||| Stepping ~*~*~tactically~*~*~ (retreating).
  3407 | D:5      | 3407 ||| Stepping ~*~*~tactically~*~*~ (retreating).
  3410 | D:5      | 3410 ||| Stepping ~*~*~tactically~*~*~ (retreating).
  3411 | D:5      | 3411 ||| Stepping ~*~*~tactically~*~*~ (retreating).
  3413 | D:5      | 3413 ||| RETREATING.
  3415 | D:5      | 3415 ||| Stepping ~*~*~tactically~*~*~ (retreating).
  3416 | D:5      | 3416 ||| Stepping ~*~*~tactically~*~*~ (retreating).
  3427 | D:5      | Reached skill level 7 in Ranged Weapons
  3442 | D:5      | Reached XP level 7. HP: 24/43 MP: 7/7
  3445 | D:5      | Reached * piety under Okawaru
  3446 | D:5      | 3446 ||| INVOKING Heroism.
  3926 | D:5      | 3926 ||| READING scroll labelled REK BE ZUEMINA.
  3927 | D:5      | 3927 ||| READING 3 scrolls of identify.
  3927 | D:5      | 3927 ||| IDENTIFYING viscous clear potion
  3928 | D:5      | 3928 ||| READING 2 scrolls of identify.
  3928 | D:5      | 3928 ||| IDENTIFYING blue potion
  3929 | D:5      | 3929 ||| DROPPING potion of lignification.
  3933 | D:6      | 3933 ||| STAIRDANCE
  3946 | D:6      | 3946 ||| STAIRDANCE
  3951 | D:6      | 3951 ||| STAIRDANCE
  3965 | D:5      | Reached skill level 1 in Invocations
  4001 | D:6      | 4001 ||| Stepping ~*~*~tactically~*~*~ (outnumbered).
  4044 | D:6      | 4044 ||| INVOKING Heroism.
  4049 | D:6      | Reached skill level 8 in Ranged Weapons
  4136 | D:6      | Noticed Jeremiah
  4142 | D:6      | 4142 ||| FLEEEEING.
  4143 | D:6      | 4143 ||| FLEEEEING.
  4155 | D:6      | 4155 ||| FLEEEEING.
  4156 | D:6      | 4156 ||| FLEEEEING.
  4168 | D:6      | 4168 ||| FLEEEEING.
  4174 | D:6      | 4174 ||| INVOKING Heroism.
  4183 | D:6      | HP: 3/43 [Jeremiah/divine providence (13)]
  4184 | D:6      | 4184 ||| READING scroll of teleportation.
  4185 | D:6      | 4185 ||| DRINKING 2 potions of heal wounds.
  4190 | D:6      | Noticed Grinder
  4191 | D:6      | HP: 9/43 [centaur/arrow (4)]
  4192 | D:6      | 4192 ||| DRINKING potion of heal wounds.
  4206 | D:6      | Paralysed by Grinder for 2 turns
  4210 | D:6      | Killed Grinder
  4210 | D:6      | HP: 10/43 [centaur/+0 spear (5)]
  4211 | D:6      | Reached XP level 8. HP: 12/50 MP: 9/9
  4211 | D:6      | 4211 ||| INVOKING Heroism.
  4361 | D:6      | 4361 ||| SWAPPING to +0 orcbow.
  4362 | D:6      | 4362 ||| DROPPING +0 shortbow.
  4428 | D:6      | 4428 ||| RETREATING.
  4430 | D:6      | 4430 ||| RETREATING.
  4432 | D:6      | 4432 ||| Stepping ~*~*~tactically~*~*~ (retreating).
  4446 | D:6      | Reached skill level 3 in Invocations
  4446 | D:6      | 4446 ||| INVOKING Heroism.
  4454 | D:6      | 4454 ||| Stepping ~*~*~tactically~*~*~ (retreating).
  4462 | D:6      | HP: 11/50 [Jeremiah/+2 trident of draining (3)]
  4464 | D:6      | 4464 ||| INVOKING Heroism.
  4465 | D:6      | Killed from afar by Jeremiah

Levels and vault maps discovered:
D:1:      kilobyte_arrival_exit_the_forest, layout_basic,
          hellmonk_ecumenical_altar_watching_god
D:2:      kennysheep_big_flooded_room, layout_basic
D:3:      layout_rooms, mainiacjoe_overflow_paths, serial_park_tiny_pond
D:4:      layout_gridville
D:5:      layout_loops_cross, minmay_temple_entry_butterflies
D:6:      layout_basic, uniq_jeremiah, uniq_grinder
Temple:   nicolae_temple_bog_church

Skill      XL: |  1  2  3  4  5  6  7  8 |
---------------+-------------------------+-----
Ranged Weapons | 5 6 7 8 |  8.2
Fighting       | 3 4 5 |  5.5
Armour         | 1 2 |  2.3
Invocations    | 2 3 |  3.3
Dodging        | 2 |  2.0
Stealth        | |  1.1

Action                     |  1- 3 |  4- 6 |  7- 9 || total
---------------------------+-------+-------+-------++-------
   Fire: Shortbow          |   130 |   174 |   116 ||   420
         Orcbow            |       |       |    32 ||    32
 Invoke: Heroism           |       |       |     6 ||     6
    Use: Potion            |     2 |       |     2 ||     4
         Scroll            |     3 |     6 |     4 ||    13
 Armour: Leather armour    |    40 |       |       ||    40
         Ring mail         |       |    94 |   127 ||   221
  Dodge: Dodged            |    55 |    54 |    98 ||   207

Table legend:
 A = Non-vault XP
 B = Vault XP
 C = Vault XP percentage of total XP
 D = Non-vault monster count
 E = Vault monster count
 F = Vault count percentage of total count
                 A         B        C        D         E       F
            +---------+---------+-------+---------+---------+-------
      Total |    1320 |     301 |  18.6 |      97 |       3 |   3.0
            +---------+---------+-------+---------+---------+-------
        D:1 |      28 |       0 |   0.0 |      15 |       0 |   0.0
        D:2 |      53 |      15 |  22.1 |      20 |       2 |   9.1
        D:3 |     120 |       0 |   0.0 |      22 |       0 |   0.0
        D:4 |      74 |       0 |   0.0 |      11 |       0 |   0.0
        D:5 |     634 |       0 |   0.0 |      20 |       0 |   0.0
        D:6 |     411 |     286 |  41.0 |       9 |       1 |  10.0
            +---------+---------+-------+---------+---------+-------
